 Dungeon Crawl Stone Soup version 0.30.0-15-g856e2d3f33 (webtiles) character file.

Game seed: 14414564576330734426

2860 qw the Cleaver (level 9, -2/56 HPs)
             Began as a Gargoyle Cinder Acolyte on May 18, 2023.
             Was a Priest of Ignis.
             Slain by a two-headed ogre
             ... wielding a +0 giant club
              (13 damage)
             ... on level 7 of the Dungeon.
             The game lasted 00:03:53 (6438 turns).

qw the Cleaver (Gargoyle Cinder Acolyte)            Turns: 6438, Time: 00:03:53

Health: -2/56      AC: 34    Str: 23    XL:     9   Next: 75%
Magic:  10/10      EV:  6    Int: 14    God:    Ignis [***...]
Gold:   340        SH:  4    Dex:  5    Spells: 10/10 levels left

rFire   + . .        Y - +0 war axe
rCold   . . .        o - +0 buckler
rNeg    + + .        n - +0 plate armour
rPois   inf          (no helmet)
rElec   +            e - +0 cloak
rCorr   .            g - +2 pair of gloves
SInv    +            z - +2 pair of boots
Will    .....        a - amulet of regeneration Stlth
                     q - ring of positive energy
HPRegen 1.09/turn    t - ring of see invisible
MPRegen 0.12/turn

%: no passive effects
@: about to teleport, fiery-armoured
A: sickness immunity, AC +6, negative energy resistance 1, electricity
resistance, torment resistance 1, petrification resistance
a: Renounce Religion, Fiery Armour, Foxfire Swarm, Rising Flame


You were on level 7 of the Dungeon.
You worshipped Ignis.
Ignis was most pleased with you.
You visited 1 branch of the dungeon, and saw 8 of its levels.

You collected 443 gold pieces.
You spent 103 gold pieces at shops.


Innate Abilities, Weirdness & Mutations

You are immune to sickness and miasma.
Your stone body is resilient. (AC +6)
You are immune to poison.
You resist negative energy. (rN+)
You are resistant to electric shocks. (rElec)
You are resistant to unholy torment.
You are immune to petrification.


   Skills:
 + Level 6.4 Fighting
 - Level 9.2 Axes
 - Level 1.8 Throwing
 - Level 6.2 Armour
 - Level 4.0 Shields
 - Level 1.0 Spellcasting
 - Level 3.0 Fire Magic


You had 10 spell levels left.
You didn't know any spells.
Your spell library contained the following spells:

 Spells                   Type           Power      Damage    Failure   Level
 Scorch                   Fire           18%        2d5       92%         2

Inventory:

Hand Weapons
 j - a -1 hand axe of flaming
 Y - a +0 war axe (weapon)
Missiles
 d - a silver boomerang (quivered)
Armour
 e - a +0 cloak (worn)
 g - a +2 pair of gloves (worn)
 n - a +0 plate armour (worn)
 o - a +0 buckler (worn)
 z - a +2 pair of boots (worn)
Jewellery
 a - an amulet of regeneration (around neck)
 q - a ring of positive energy (left hand)
 t - a ring of see invisible (right hand)
Scrolls
 b - a scroll of identify
Potions
 c - a potion of heal wounds
 h - a potion of mutation
 i - 3 potions of haste
 k - a potion of berserk rage {unknown}
 m - a potion of brilliance {unknown}
 p - a potion of might {unknown}
 r - a potion of curing
 s - a potion of degeneration {unknown}

Dungeon Overview and Level Annotations

Branches:
Dungeon (8/15)             Temple (0/1) D:6
   Lair: D:8-11

Altars:
Ashenzari
Dithmenos
Gozag
Hepliaklqana
Nemelex Xobeh
Vehumet
Zin
The Shining One

Shops:
D:1 [!


Message History

The two-headed ogre is lightly wounded.
The two-headed ogre hits you with a +0 giant club. x2
6428 ||| STAIRDANCE You climb upwards.
There is a stone staircase leading down here.
You slash the two-headed ogre!
The two-headed ogre is lightly wounded.
The two-headed ogre hits you but does no damage. x2
You hit the two-headed ogre.
The two-headed ogre is moderately wounded.
The two-headed ogre hits you with a +0 giant club!
The two-headed ogre barely misses you.
You barely miss the two-headed ogre.
The two-headed ogre is moderately wounded.
You slash the two-headed ogre!
The two-headed ogre is moderately wounded.
The two-headed ogre hits you with a +0 giant club!
The two-headed ogre closely misses you.
You slash the two-headed ogre!
The two-headed ogre is heavily wounded.
The two-headed ogre hits you but does no damage. x2
You slash the two-headed ogre!
The two-headed ogre is severely wounded.
The two-headed ogre hits you with a +0 giant club!
The two-headed ogre hits you but does no damage.
6436 ||| INVOKING Fiery Armour.
A protective cloak of flame settles atop you.
You hit the two-headed ogre but do no damage.
The two-headed ogre is severely wounded.
The two-headed ogre hits you with a +0 giant club.
The two-headed ogre is burned by your cloak of flames.
The two-headed ogre is severely wounded.
The two-headed ogre hits you with a +0 giant club!
The two-headed ogre is burned by your cloak of flames.
The two-headed ogre is severely wounded.
6438 ||| READING scroll of teleportation.
As you read the scroll of teleportation, it crumbles to dust.
You feel strangely unstable.
The two-headed ogre hits you with a +0 giant club!
You die...

#+.#(.# #................bbbb.b
.###..# #.)....#.......bb......
.#....# #......#......b.b..b.##
.'.##.## #..)...#...b....#b..###
.####..####)...........#b.#.b#...
.####.......[.........##....#....
##.........##........####........
##......##......O###..#..........
...##...........@.###.#..........
.##.......#.#.###.###.#..........
#...........#......##....).......
##..#......##..##................
#.............###................
..###............................
#.................###............
###.....#..##.###.######.........
# #.#####..........## #.........


You could see a two-headed ogre.

Vanquished Creatures
  A hornet (D:7)
  2 water moccasins (D:6)
  2 orc warriors
  6 black bears
  2 sky beasts (D:6)
  2 ice beasts
  An ogre (D:5)
  A centaur (D:4)
  A phantom (D:5)
  2 scorpions (D:6)
  An electric eel (D:6)
  A howler monkey (D:5)
  4 hounds
  2 orc priests
  3 sleepcaps
  3 jellies
  6 orc wizards
  Ijyb (D:4)
  5 iguanas
  6 gnolls
  8 adders
  2 river rats (D:6)
  A shadow imp (D:7)
  A white imp (D:6)
  3 ufetubi
  3 worms
  4 dart slugs
  25 orcs
  7 ball pythons
  5 bats
  9 endoplasms
  2 giant cockroaches
  5 hobgoblins
  3 jackals (D:4)
  8 quokkas
  4 frilled lizards
  9 goblins
  6 kobolds
  3 rats
160 creatures vanquished.

Vanquished Creatures (others)
  A gnoll (D:6)
1 creature vanquished.

Grand Total: 161 creatures vanquished

Notes
Turn   | Place    | Note
-------+----------+-------------------------------------------
     0 | D:1      | qw the Gargoyle Cinder Acolyte began the quest for the Orb.
     0 | D:1      | Reached XP level 1. HP: 14/14 MP: 2/2
     0 | D:1      | 0 ||| qw: Version: 0.2-a-95-gc95f03d
     0 | D:1      | 0 ||| qw: Game counter: 44
     0 | D:1      | 0 ||| qw: Always use a shield: true
     0 | D:1      | 0 ||| qw: God list: Okawaru
     0 | D:1      | 0 ||| qw: Allow faded altars: false
     0 | D:1      | 0 ||| qw: Do Orc after D:15 true
     0 | D:1      | 0 ||| qw: Do second Lair branch before Depths: true
     0 | D:1      | 0 ||| qw: Lair rune preference: random
     0 | D:1      | 0 ||| qw: Plans: Normal
     0 | D:1      | 0 ||| PLANNING D:1-11
    52 | D:1      | Reached skill level 3 in Axes
    84 | D:1      | Found a faded altar of an unknown god.
    91 | D:1      | Reached XP level 2. HP: 19/19 MP: 3/3
   147 | D:1      | 147 ||| Stepping ~*~*~tactically~*~*~ (stealth).
   150 | D:1      | 150 ||| Stepping ~*~*~tactically~*~*~ (stealth).
   312 | D:1      | Found Udoudorhiu's Distillery.
   320 | D:1      | 320 ||| SHOPLISTING potion of cancellation (80 gold, have
                  | 7).
   320 | D:1      | 320 ||| SHOPLISTING potion of heal wounds (50 gold, have
                  | 7).
   320 | D:1      | 320 ||| SHOPLISTING potion of mutation (80 gold, have 7).
   467 | D:1      | Reached XP level 3. HP: 22/23 MP: 4/4
   471 | D:1      | Found Pypluw's Antique Armour Shop.
   487 | D:1      | 487 ||| BUYING chain mail (103 gold).
   487 | D:1      | Bought a chain mail for 103 gold pieces
   487 | D:1      | 487 ||| SHOPLISTING pair of glowing gloves (172 gold, have
                  | 6).
   487 | D:1      | 487 ||| SHOPLISTING plate armour (529 gold, have 6).
   487 | D:1      | 487 ||| SHOPLISTING runed scale mail (161 gold, have 6).
   549 | D:1      | 549 ||| UPGRADING to +2 pair of gloves.
   554 | D:1      | 554 ||| UPGRADING to +0 chain mail.
   564 | D:1      | 564 ||| DROPPING +0 robe.
   565 | D:1      | 565 ||| READING scroll labelled MAFRIN IREMP.
   566 | D:1      | 566 ||| READING scroll labelled LINNIA EHILIE.
   567 | D:1      | 567 ||| READING scroll labelled BUTEOX JOSMA.
   570 | D:1      | 570 ||| DRINKING 2 bubbling coppery potions.
   571 | D:1      | 571 ||| DRINKING 2 puce potions.
   690 | D:2      | 690 ||| Stepping ~*~*~tactically~*~*~ (stealth).
   691 | D:2      | 691 ||| Stepping ~*~*~tactically~*~*~ (stealth).
   703 | D:2      | Reached skill level 1 in Armour
   708 | D:2      | 708 ||| Stepping ~*~*~tactically~*~*~ (stealth).
   752 | D:2      | Reached skill level 4 in Axes
   808 | D:2      | 808 ||| Stepping ~*~*~tactically~*~*~ (hiding).
   809 | D:2      | 809 ||| Stepping ~*~*~tactically~*~*~ (hiding).
   810 | D:2      | 810 ||| Stepping ~*~*~tactically~*~*~ (stealth).
   848 | D:2      | Reached XP level 4. HP: 20/28 MP: 5/5
  1277 | D:2      | 1277 ||| UPGRADING to amulet of regeneration.
  1282 | D:2      | 1282 ||| READING scroll labelled VAELIPS DIELUEN.
  1283 | D:2      | 1283 ||| READING scroll labelled BUSKAN ANOSA.
  1384 | D:2      | 1384 ||| READING scroll labelled WUNESM VEGRIE.
  1385 | D:2      | 1385 ||| READING scroll labelled SYRUKO SUMEIVI.
  1386 | D:2      | 1386 ||| READING scroll labelled AKOEHYJ WISMU.
  1387 | D:2      | 1387 ||| DRINKING 3 clear potions.
  1475 | D:3      | 1475 ||| Stepping ~*~*~tactically~*~*~ (stealth).
  1477 | D:3      | 1477 ||| Stepping ~*~*~tactically~*~*~ (stealth).
  1544 | D:3      | Found a shadowy altar of Dithmenos.
  1678 | D:3      | 1678 ||| Stepping ~*~*~tactically~*~*~ (stealth).
  1750 | D:3      | Reached XP level 5. HP: 32/32 MP: 6/6
  1762 | D:3      | 1762 ||| Stepping ~*~*~tactically~*~*~ (hiding).
  1837 | D:3      | Reached skill level 5 in Axes
  1884 | D:3      | Noticed a black bear
  1901 | D:3      | HP: 6/32 [black bear (5)]
  1902 | D:3      | 1902 ||| DRINKING 2 potions of heal wounds.
  1904 | D:3      | Killed a black bear
  1905 | D:3      | Reached XP level 6. HP: 23/39 MP: 7/7
  2029 | D:3      | 2029 ||| UPGRADING to +0 cloak.
  2034 | D:3      | 2034 ||| READING scroll labelled FYTHIM HAG HIA.
  2080 | D:4      | 2080 ||| Stepping ~*~*~tactically~*~*~ (stealth).
  2082 | D:4      | 2082 ||| Stepping ~*~*~tactically~*~*~ (stealth).
  2107 | D:4      | Noticed Ijyb
  2107 | D:4      | Paralysed by Ijyb for 4 turns
  2129 | D:4      | Paralysed by Ijyb for 2 turns
  2144 | D:4      | Killed Ijyb
  2286 | D:4      | Reached skill level 3 in Armour
  2348 | D:4      | 2348 ||| Stepping ~*~*~tactically~*~*~ (hiding).
  2350 | D:4      | 2350 ||| Stepping ~*~*~tactically~*~*~ (hiding).
  2361 | D:4      | Reached XP level 7. HP: 44/44 MP: 8/8
  2394 | D:4      | 2394 ||| Stepping ~*~*~tactically~*~*~ (hiding).
  2420 | D:4      | 2420 ||| INVOKING Fiery Armour.
  2432 | D:4      | Reached skill level 6 in Axes
  2753 | D:4      | Found a glowing golden altar of the Shining One.
  2770 | D:4      | 2770 ||| Stepping ~*~*~tactically~*~*~ (hiding).
  2919 | D:4      | 2919 ||| UPGRADING to +0 plate armour.
  2929 | D:4      | 2929 ||| DROPPING +0 chain mail.
  2930 | D:4      | 2930 ||| UPGRADING to +0 buckler.
  2935 | D:4      | 2935 ||| UPGRADING to ring of positive energy.
  2936 | D:4      | 2936 ||| READING scroll labelled BAERIL HALAL.
  2937 | D:4      | 2937 ||| DRINKING 3 viscous grey potions.
  2938 | D:4      | 2938 ||| DRINKING potion of curing.
  2938 | D:4      | 2938 ||| (to cure confusion)
  2939 | D:4      | 2939 ||| DROPPING 2 potions of ambrosia.
  2950 | D:5      | Entered Level 5 of the Dungeon
  3390 | D:5      | 3390 ||| Stepping ~*~*~tactically~*~*~ (stealth).
  3391 | D:5      | 3391 ||| Stepping ~*~*~tactically~*~*~ (stealth).
  3393 | D:5      | 3393 ||| INVOKING Fiery Armour.
  3399 | D:5      | Reached XP level 8. HP: 47/48 MP: 9/9
  3406 | D:5      | Reached skill level 3 in Shields
  3528 | D:5      | Found a hazy altar of Hepliaklqana.
  3531 | D:5      | Found an opulent altar of Gozag.
  3554 | D:5      | Reached skill level 1 in Throwing
  3706 | D:5      | Found a broken altar of Ashenzari.
  3707 | D:5      | Found a glowing silver altar of Zin.
  3890 | D:5      | 3890 ||| READING 3 scrolls of identify.
  3890 | D:5      | 3890 ||| IDENTIFYING fizzy red potion
  3891 | D:5      | 3891 ||| READING 2 scrolls of identify.
  3891 | D:5      | 3891 ||| IDENTIFYING silvery potion
  3892 | D:5      | 3892 ||| DROPPING potion of lignification.
  3893 | D:5      | 3893 ||| DROPPING potion of flight.
  3952 | D:6      | 3952 ||| PLANNING SEWER
  3962 | D:6      | Reached skill level 7 in Axes
  4248 | D:6      | Found a staircase to the Ecumenical Temple.
  4340 | D:6      | 4340 ||| Stepping ~*~*~tactically~*~*~ (stealth).
  4360 | D:6      | 4360 ||| Stepping ~*~*~tactically~*~*~ (stealth).
  4361 | D:6      | 4361 ||| Stepping ~*~*~tactically~*~*~ (stealth).
  4386 | D:6      | 4386 ||| Stepping ~*~*~tactically~*~*~ (stealth).
  4414 | D:6      | Reached skill level 8 in Axes
  4414 | D:6      | Reached XP level 9. HP: 48/54 MP: 10/10
  4626 | D:6      | Reached skill level 6 in Fighting
  4709 | D:6      | 4709 ||| RIP SEWER
  4731 | D:6      | 4731 ||| PLANNING D:1-11
  4731 | D:6      | 4731 ||| UPGRADING to +1 pair of boots.
  4736 | D:6      | 4736 ||| READING 2 scrolls of identify.
  4736 | D:6      | 4736 ||| IDENTIFYING bubbling cyan potion
  4895 | D:6      | 4895 ||| Stepping ~*~*~tactically~*~*~ (stealth).
  5039 | D:6      | Reached skill level 6 in Armour
  5201 | D:6      | Found a radiant altar of Vehumet.
  5221 | D:6      | 5221 ||| Stepping ~*~*~tactically~*~*~ (stealth).
  5576 | D:6      | 5576 ||| READING scroll labelled PIXTUI LURI.
  5576 | D:6      | Identified a scroll of acquirement
  5576 | D:6      | 5576 ||| ACQUIRING ring of see invisible
  5576 | D:6      | Acquired a ring of see invisible
  5578 | D:6      | 5578 ||| UPGRADING to ring of see invisible.
  5579 | D:6      | 5579 ||| READING 2 scrolls of identify.
  5579 | D:6      | 5579 ||| IDENTIFYING dark potion
  5580 | D:6      | 5580 ||| DROPPING potion of attraction.
  5659 | D:7      | 5659 ||| READING scroll of teleportation.
  5660 | D:7      | 5660 ||| INVOKING Fiery Armour.
  5661 | D:7      | HP: 7/55 [iguana (9)]
  5661 | D:7      | HP: 3/55 [iguana (4)]
  5662 | D:7      | 5662 ||| DRINKING 2 potions of heal wounds.
  5811 | D:7      | 5811 ||| INVOKING Fiery Armour.
  5843 | D:7      | 5843 ||| SWAPPING to +0 war axe.
  5868 | D:7      | Noticed a hornet
  5875 | D:7      | Killed a hornet
  5876 | D:7      | Reached skill level 9 in Axes
  6059 | D:7      | Found a sparkling altar of Nemelex Xobeh.
  6175 | D:7      | 6175 ||| INVOKING Fiery Armour.
  6378 | D:7      | 6378 ||| UPGRADING to +2 pair of boots.
  6388 | D:7      | 6388 ||| DROPPING +1 pair of boots.
  6389 | D:7      | 6389 ||| DROPPING amulet of magic regeneration.
  6390 | D:7      | 6390 ||| DROPPING +6 ring of intelligence.
  6391 | D:7      | 6391 ||| READING scroll labelled IRAOMASOCI.
  6392 | D:7      | 6392 ||| READING scroll labelled WEUTEJ BAYHOST.
  6393 | D:7      | 6393 ||| READING scroll labelled DOHAFY LEDWI.
  6394 | D:7      | 6394 ||| READING scroll labelled POPAME DEUPLO.
  6422 | D:8      | Noticed a two-headed ogre
  6428 | D:8      | 6428 ||| STAIRDANCE
  6436 | D:7      | 6436 ||| INVOKING Fiery Armour.
  6437 | D:7      | HP: 10/56 [two-headed ogre/+0 giant club (12)]
  6438 | D:7      | 6438 ||| READING scroll of teleportation.
  6438 | D:7      | Slain by a two-headed ogre

Levels and vault maps discovered:
D:1:      eino_arrival_water_cross, layout_rooms, basic_ecumenical_altar,
          serial_shops, nicolae_shop_stone, shop, minmay_gold_behind_fungi
D:2:      layout_loops_ring
D:3:      layout_rooms, mainiacjoe_overflow_surrounded_room
D:4:      layout_loops_ring, mainiacjoe_overflow_alcove_4, serial_rivers,
          chequers_serial_rivers_room_a, chequers_serial_rivers_large_b,
          chequers_serial_rivers_small_a, chequers_serial_rivers_micro_a,
          chequers_serial_rivers_small_a, uniq_ijyb
D:5:      layout_basic, nicolae_overflow_hidden_temple
D:6:      minmay_razor_zed, layout_loops_corners, lemuel_crystal_altar,
          minmay_temple_entry_waves, gup_sewer_entry_bubbles,
          amcnicky_mini_pool_medium
D:7:      layout_rooms, mainiacjoe_overflow_24_doors, minivault_5,
          minmay_crystal_room, serial_park_tiny_pond
D:8:      layout_basic, hangedman_ranch, uniq_pikel

Skill      XL: |  1  2  3  4  5  6  7  8  9 |
---------------+----------------------------+-----
Axes           | 3 4 5 6 8 9 |  9.2
Armour         | 1 2 3 4 5 6 |  6.2
Fighting       | 4 5 6 |  6.4
Shields        | 2 3 4 |  4.0
Throwing       | 1 |  1.8
Spellcasting   | |  1.0
Fire Magic     | |  3.0

Action                     |  1- 3 |  4- 6 |  7- 9 || total
---------------------------+-------+-------+-------++-------
  Melee: Hand axe          |   110 |   249 |   386 ||   745
         Punch             |     2 |     1 |     1 ||     4
         War axe           |       |       |    41 ||    41
  Throw: Boomerang         |       |       |    50 ||    50
 Invoke: Fiery Armour      |       |       |     6 ||     6
    Use: Scroll            |     3 |     6 |    12 ||    21
         Potion            |     2 |     2 |     3 ||     7
 Armour: Robe              |    23 |       |       ||    23
         Chain mail        |    23 |   190 |    20 ||   233
         Plate armour      |       |       |   312 ||   312
  Dodge: Dodged            |    62 |   100 |   130 ||   292
  Block: Buckler           |       |       |    55 ||    55

Table legend:
 A = Non-vault XP
 B = Vault XP
 C = Vault XP percentage of total XP
 D = Non-vault monster count
 E = Vault monster count
 F = Vault count percentage of total count
                 A         B        C        D         E       F
            +---------+---------+-------+---------+---------+-------
      Total |    3383 |     704 |  17.2 |     143 |      18 |  11.2
            +---------+---------+-------+---------+---------+-------
        D:1 |      39 |       0 |   0.0 |      21 |       0 |   0.0
        D:2 |      58 |       0 |   0.0 |      18 |       0 |   0.0
        D:3 |     277 |       0 |   0.0 |      24 |       0 |   0.0
        D:4 |     453 |      36 |   7.4 |      20 |       1 |   4.8
        D:5 |     734 |       0 |   0.0 |      16 |       0 |   0.0
        D:6 |     920 |     668 |  42.1 |      21 |      17 |  44.7
        D:7 |     902 |       0 |   0.0 |      23 |       0 |   0.0
            +---------+---------+-------+---------+---------+-------
